 Dungeon Crawl Stone Soup version 0.29.0-11-gd7f09526c8 (webtiles) character file.

Game seed: 2491037624612591716

37 sanka the Ducker (level 3, 0/28 HPs)
             Began as a Djinni Artificer on Sept 4, 2022.
             Slain by a hobgoblin (2 damage)
             ... on level 1 of the Dungeon.
             The game lasted 00:02:07 (1824 turns).

sanka the Ducker (Djinni Artificer)                 Turns: 1824, Time: 00:02:08

Health: 0/28       AC:  5    Str: 11    XL:     3   Next: 60%
Gold:   0          EV: 11    Int: 14    God:
                   SH:  0    Dex: 13

rFire   + + .      SeeInvis .   m - +0 hand axe
rCold   x . .      Faith    .   (no shield)
rNeg    . . .      Spirit   .   g - +0 ring mail
rPois   ∞          Reflect  .   (no helmet)
rElec   .          Harm     .   (no cloak)
rCorr   .          Rampage  .   (no gloves)
Will    .....                   (boots unavailable)
Stlth   +.........              (no amulet)
HPRegen 0.09/turn               (no ring)
MPRegen 0.00/turn               (no ring)

@: flying, very slightly contaminated
A: sickness immunity, fire resistance 2, cold vulnerability 1, float, innate
caster, HP casting, extra vitality 1
a: no special abilities


You were on level 1 of the Dungeon.
You visited 1 branch of the dungeon, and saw 1 of its levels.


Innate Abilities, Weirdness & Mutations

You are immune to sickness and miasma.
You are immune to poison.
Your flesh is very heat resistant. (rF++)
You are vulnerable to cold. (rC-)
You float through the air rather than walking.
You learn spells naturally, not from books.
Your magical power is your life essence.
You have superior vitality. (+4 MHP)


   Skills:
 + Level 2.2 Fighting
 - Level 1.0 Armour
 + Level 3.2 Dodging
 - Level 0.7 Stealth
 + Level 0.3 Spellcasting
 - Level 3.0 Evocations


You had one spell level left.
You knew the following spells:

 Your Spells              Type           Power      Damage    Failure   Level
z - Beastly Appendage     Tmut           2%         N/A       52%         1
Your spell library was empty.

Inventory:

Hand Weapons
 a - a +0 club
 i - a +0 short sword
 m - a +0 hand axe (weapon)
Armour
 b - a +0 leather armour
 g - a +0 ring mail (worn)
Wands
 c - a wand of flame (15)
 d - a wand of charming (15)
 e - a wand of iceblast (5)
Scrolls
 h - 2 scrolls of magic mapping {unknown}
 k - a scroll of identify {unknown}
 l - 2 scrolls of teleportation {unknown}
Potions
 f - a potion of attraction {unknown}
 j - a potion of degeneration {unknown}

Dungeon Overview and Level Annotations

Branches:
Dungeon (1/15)

Altars:

▒▒.▒▒ ▒▒'▒▒..⌠.. ▒..▒
▒▒ ▒.▒▒.....
▒.▒.▒▒▒.▒ ▒.▒▒▒..⌠.
▒▒▒.▒▒.▒ ▒▒.▒▒▒▒...
▒.▒.▒▒▒.▒▒...▒▒▒▒>▒
▒▒...............▒▒▒
▒▒...▒▒............▒
▒.....▒.▒▒..▒..▒▒▒.▒▒
▒>.)R...▒.▒.▒..▒ ▒...
▒..g)..▒.▒▒.▒..▒ ▒▒▒▒
▒▒...▒▒.▒▒▒.▒..▒▒▒▒▒▒
.~▒.~..... ▒........
.♣~▒... ▒▒▒ ▒.▒▒▒▒▒▒▒
▒ .≈▒..~▒ ▒.▒ ~~
~.♣.▒ ▒.▒▒▒▒▒▒ ~~ ~~
.. ▒......▒ ..
▒..▒▒▒.▒▒


You could see a hobgoblin.


Message History

* * * LOW HITPOINT WARNING * * *
The hobgoblin hits you.
* * * LOW HITPOINT WARNING * * *
The kobold misses you.
You barely miss the kobold.
The kobold is severely wounded.
You barely miss the hobgoblin.
The hobgoblin hits you but does no damage.
The kobold hits you with a +0 short sword.
* * * LOW HITPOINT WARNING * * *
You barely miss the kobold.
The kobold is severely wounded.
You hit the hobgoblin but do no damage. The hobgoblin hits you.
* * * LOW HITPOINT WARNING * * *
The kobold hits you but does no damage.
The hobgoblin hits you but does no damage.
Unknown command.
You hit the kobold.
You kill the kobold!
You closely miss the hobgoblin. The hobgoblin hits you.
* * * LOW HITPOINT WARNING * * *
Unknown command.
You closely miss the hobgoblin.
The hobgoblin hits you but does no damage.
Unknown command.
You hit the hobgoblin but do no damage. The hobgoblin hits you.
You die...

Action                   || total
-------------------------++-------
Melee: Club              ||    84
       Short sword       ||    71
       Hand axe          ||    31
       Headbutt          ||     5
 Cast: Beastly Appendage ||     7
Armor: Ring mail         ||   107
Dodge: Dodged            ||   141

Levels and vault maps discovered:
D:1:      dpeg_arrival_leaves_temple_mockup, layout_loops_corners,
          serial_rivers, chequers_serial_rivers_small_b,
          chequers_serial_rivers_large_a, chequers_serial_rivers_micro_c,
          chequers_serial_rivers_micro_e, chequers_serial_rivers_marsh,
          nrook_mini_vaults, minmay_strange_pillars,
          chequers_serial_rivers_micro_a, minmay_tetromino_t4

Notes
Turn   | Place    | Note
-------+----------+-------------------------------------------
     0 | D:1      | sanka the Djinni Artificer began the quest for the Orb.
     0 | D:1      | Reached XP level 1. HP: 17/17 MP: 0/0
   594 | D:1      | Reached XP level 2. HP: 13/22 MP: 0/0
  1109 | D:1      | Reached skill level 2 in Fighting
  1109 | D:1      | Reached XP level 3. HP: 25/28 MP: 0/0
  1109 | D:1      | Learned a level 1 spell: Beastly Appendage
  1111 | D:1      | Reached skill level 3 in Dodging
  1822 | D:1      | HP: 2/28 [hobgoblin (4)]
  1824 | D:1      | Slain by a hobgoblin

Vanquished Creatures
  A dart slug (D:1)
  3 bats (D:1)
  2 endoplasms (D:1)
  A giant cockroach (D:1)
  5 goblins (D:1)
  A hobgoblin (D:1)
  4 jackals (D:1)
  6 kobolds (D:1)
  2 quokkas (D:1)
  2 ball pythons (D:1)
  A frilled lizard (D:1)
  3 rats (D:1)
31 creatures vanquished.
